 Dungeon Crawl Stone Soup version 0.17-a0-2098-gf59d6bc (webtiles) character file.

140866 brucemayne the Executioner (level 17, -5/226 HPs)
             Began as a Hill Orc Berserker on Oct 17, 2015.
             Was an Elder of Trog.
             Hit by a javelin of penetration thrown by a merfolk javelineer (15 damage)
             ... on level 4 of the Shoals.
             The game lasted 01:28:16 (11208 turns).

brucemayne the Executioner (Hill Orc Berserker)    Turns: 11208, Time: 01:28:16

Health: -5/226     AC: 24    Str: 28    XL:     17   Next: 2%
Magic:  17/17      EV: 21    Int: 17    God:    Trog [****..]
Gold:   1831       SH:  0    Dex: 16    Spells: 0 memorised, 16 levels left

rFire  + . .     SeeInvis +     g - +2 executioner's axe (chop)
rCold  + . .     Clarity  .     a - +6 chain mail of Ylusy {Regen+ Dex+4 SInv}
rNeg   + . .     SustAt   .     (no shield)
rPois  .         Gourm    +     x - +0 helmet {Int+3}
rElec  .         Spirit   .     w - +1 cloak
rCorr  .         Warding  .     (no gloves)
rMut   .         Stasis   .     (no boots)
MR     +....                    U - amulet "Onirgh" {Gourm rF+ rC+ rN+}
Stlth  ..........               h - +4 ring of evasion
                                T - +3 ring of evasion

@: brilliant, berserking, silence, drained, very quick, somewhat resistant to
hostile enchantments, extremely unstealthy
A: thin metallic scales 1, camouflage 1, breathe flames 1
a: Renounce Religion, Breathe Fire
}: 1/15 runes: gossamer


You were on level 4 of the Shoals.
You worshipped Trog.
Trog was greatly pleased with you.
You were not hungry.

You visited 5 branches of the dungeon, and saw 33 of its levels.
You also visited: Labyrinth, Ossuary, Bailey and Volcano.

You collected 2620 gold pieces.
You spent 789 gold pieces at shops.

Inventory:

Hand Weapons
 g - a +2 executioner's axe of chopping (weapon)
 C - a +2 antimagic battleaxe
 F - the +5 war axe "Ivvob Cileu" {venom, rC+ Int+5 Dex-2, unknown}
   (You found it on level 4 of the Shoals)

   It poisons the flesh of those it strikes.
   It affects your intelligence (+5).
   It affects your dexterity (-2).
   It protects you from cold.
 I - a +1 antimagic battleaxe
Missiles
 q - a throwing net
 s - 12 tomahawks of dispersal (quivered)
 P - 3 curare-tipped needles
Armour
 a - the +6 chain mail of Ylusy (worn) {Regen+ Dex+4 SInv}
   (You bought it in a shop on level 4 of the Orcish Mines)

   It affects your dexterity (+4).
   It lets you see invisible.
   It increases your rate of regeneration.
 w - a +1 cloak (worn)
 x - a +0 helmet of intelligence (worn)
 H - a +1 plate armour of poison resistance
 Y - the +4 plate armour of the Sky {rElec Int+4 Dex-4 SInv}
   (You found it in a labyrinth)

   It affects your intelligence (+4).
   It affects your dexterity (-4).
   It insulates you from electricity.
   It lets you see invisible.
Rods
 R - a +4 lightning rod (14/14)
   (You found it on level 7 of the Lair of Beasts)
Jewellery
 h - a +4 ring of evasion (right hand)
 l - an uncursed ring of protection from cold
 o - an uncursed ring of ice
 p - an uncursed ring of poison resistance
 r - an uncursed amulet of resist mutation
 J - an uncursed amulet of rage
 L - an uncursed ring of stealth
 T - a +3 ring of evasion (left hand)
 U - the amulet "Onirgh" (around neck) {Gourm rF+ rC+ rN+}
   (You found it in a labyrinth)

   [amulet of the gourmand]

   It allows you to eat raw meat even when not hungry.
   It protects you from fire.
   It protects you from cold.
   It protects you from negative energy.
Wands
 b - a wand of polymorph (17)
 u - a wand of paralysis (11)
 y - a wand of slowing (27)
 K - a wand of fire (12)
 O - a wand of disintegration (14)
 W - a wand of digging (19)
Scrolls
 j - a scroll of silence
 B - 4 scrolls of remove curse
 D - 2 scrolls of enchant armour
 E - a scroll of magic mapping
 Z - a scroll of fog
Potions
 e - a potion of agility {unknown}
 k - a potion of invisibility {unknown}
 m - a potion of might
 n - 2 potions of berserk rage
 t - a potion of magic {unknown}
 v - 2 potions of lignification
 z - 2 potions of brilliance
 A - a potion of flight {unknown}
Books
 i - a book of Minor Magic

   Spells                             Type                      Level
   a - Magic Dart                     Conjuration                  1
   b - Blink                          Translocation                2
   c - Call Imp                       Summoning                    2
   d - Repel Missiles                 Charms/Air                   2
   e - Slow                           Hexes                        2
   f - Conjure Flame                  Conjuration/Fire             3
   g - Mephitic Cloud                 Conjuration/Poison/Air       3
   Trog disapproves of the use of such an item.
Comestibles
 c - 9 bread rations
 d - 2 chunks of flesh
 f - 2 fruits


   Skills:
 + Level 13.9(13.0) Fighting
 - Level 26.0(24.8) Axes
 + Level 14.0(13.1) Armour
 + Level 8.6(7.8) Dodging


You had 16 spell levels left.
You didn't know any spells.

Dungeon Overview and Level Annotations

Branches:
Dungeon (13/15)              Lair (8/8) D:10         Shoals (4/4) Lair:4
 Spider (4/4) Lair:5        Slime (0/6) Lair:8          Orc (4/4) D:9
 Temple: D:4-7          Elf: Orc:3-4     Vaults: D:13-14

Altars:
Makhleb
Trog
The Shining One
Beogh
Jiyva

Shops:
Orc:4 :?([   Shoals:2 %

Annotations:
Lair:5 spider
Shoals:4 Ilsuiw


Innate Abilities, Weirdness & Mutations

You are partially covered in thin metallic scales (AC +2).
Your skin changes colour to match your surroundings (Stealth).
You can breathe flames.


Message History

The merfolk javelineer is almost dead.
You closely miss the siren.
The siren is moderately wounded.
Unknown command.
You open the merfolk javelineer like a pillowcase!!!
You kill the merfolk javelineer!
Trog accepts your kill.
Your base Armour skill increases to level 14!
You cut the siren into ribbons!!!
You feel the power of Trog in you as your rage grows.
You kill the siren!
Trog accepts your kill.
Trog appreciates your killing of a magic user.
A merfolk impaler comes into view. It is wielding a trident.
You carve the merfolk javelineer like a ham!!!
You kill the merfolk javelineer!
Trog accepts your kill.
The merfolk javelineer throws a javelin of penetration.
The javelin of penetration pierces through you!
You die...

....##≈(#.#.###≈≈≈≈≈# ≈
....≈#..(≈.(.##≈≈...# ≈#
...(##...≈.((##≈....##≈≈)
......#######)(......≈≈≈#
......#≈###.#(.§§..§...#
............)..(§.§§...#≈
.... ........§.§§§.....≈
.... .......§m§§§......<
......mm(§@§..(....
......m§######.....
.......m# #.... ......##.
#m.. ..... #m. ... .. .


You could see Ilsuiw, a merfolk impaler, a merfolk javelineer and a siren.

Vanquished Creatures
  Rupert (Orc:2)
  Polyphemus (Shoals:2)
  Kirke (Lair:8)
  An orc warlord (Orc:4)
  Maud (Lair:8)
  Louise (Shoals:4)
  The ghost of 4thArraOfDagon the Executioner, a journeyman DDFi of Makhleb (Shoals:4)
  4 emperor scorpions
  3 ghost moths
  Snorg (Orc:2)
  3 merfolk javelineers (Shoals:4)
  2 fire dragons (Lair:8)
  A minotaur (Lab)
  3 merfolk impalers
  Josephine (D:10)
  3 hydras
  An entropy weaver (Spider:4)
  A catoblepas (Shoals:2)
  A satyr (Shoals:4)
  An alligator snapping turtle (Shoals:3)
  21 death yaks
  Urug (Lair:4)
  4 orc high priests (Orc:4)
  2 sea snakes
  3 lindwurms (Lair:8)
  2 hill giants
  4 harpies (Shoals:3)
  A mana viper (Lair:8)
  5 orc knights
  2 orc sorcerers (Orc:4)
  7 orb spiders
  10 fauns
  5 griffons
  3 hornets
  6 manticores
  11 sirens
  4 cyclopes
  6 water nymphs
  12 wolf spiders
  3 moths of wrath
  7 elephants
  2 black mambas
  7 torpor snails
  3 komodo dragons
  3 spiny frogs
  3 demonic crawlers
  3 fire drakes
  11 jumping spiders
  2 giant leeches (Lair:8)
  2 polar bears (Lair:7)
  2 trolls
  10 merfolk
  A wind drake (Shoals:2)
  2 slime creatures (D:12)
  5 two-headed ogres
  5 blink frogs (Lair:2)
  2 snapping turtles (Shoals:4)
  3 wraiths (D:10)
  A deep elf mage (D:11)
  8 trapdoor spiders
  24 redbacks
  A wyvern (D:10)
  9 tarantellas
  2 basilisks (Lair:8)
  3 humans (Lair:7)
  6 hogs (Lair:8)
  Eustachio (D:4)
  3 fire bats (Volcano)
  A water elemental (Shoals:3)
  41 yaks
  5 hippogriffs
  A shadow (D:11)
  3 steam dragons (Lair:8)
  2 wargs
  4 mottled dragons
  6 water moccasins
  2 porcupines
  17 spiders
  4 wasps (Lair:8)
  2 sky beasts
  2 swamp drakes (Lair:8)
  38 orc warriors
  A phantom (D:11)
  8 ogres
  14 crocodiles
  4 centaurs
  5 brain worms (Lair:8)
  7 giant frogs
  An elf zombie (Ossuary)
  A big kobold (D:9)
  A wyvern zombie (D:9)
  3 scorpions
  4 lava snakes (Lab)
  A giant frog zombie (D:9)
  A crimson imp (D:7)
  2 centaur zombies (Ossuary)
  A quasit (D:10)
  A jelly (D:10)
  26 orc priests
  A giant frog skeleton (D:6)
  2 worker ants
  A hound (D:11)
  12 iguanas
  17 orc wizards
  A big kobold zombie (Ossuary)
  26 sheep
  2 mummies (Ossuary)
  An adder (D:2)
  4 gnolls
  13 river rats (Lair:8)
  A shadow imp (D:10)
  12 white imps (Lair:7)
  3 adder zombies (Ossuary)
  15 worms (Lair:8)
  2 giant geckos
  166 orcs
  4 bats
  2 giant cockroaches
  6 goblins
  4 hobgoblins
  11 kobolds
  2 ball pythons
  3 giant newts
  2 goblin zombies (Ossuary)
  9 hobgoblin zombies (Ossuary)
  3 jackals (D:6)
  8 kobold zombies (Ossuary)
  9 orc zombies (Ossuary)
  A quokka skeleton (D:6)
  A quokka zombie (D:6)
  A rat (D:2)
  A rat zombie (Ossuary)
  A bush (Lair:4)
  4 fungi
  9 plants
844 creatures vanquished.

Vanquished Creatures (collateral kills)
  A wolf spider (Spider:4)
  A faun (Shoals:1)
  2 trapdoor spiders (Spider:4)
  2 redbacks (Spider:4)
  An orc warrior (Orc:4)
7 creatures vanquished.

Vanquished Creatures (others)
  A spiny frog (Lair:7)
  2 humans (Lair:7)
  5 fungi
  4 plants
  4 tentacles (Shoals:3)
  24 tentacle segments (Shoals:3)
40 creatures vanquished.

Grand Total: 891 creatures vanquished

Notes
Turn   | Place    | Note
--------------------------------------------------------------
     0 | D:1      | brucemayne the Hill Orc Berserker began the quest for the Orb.
     0 | D:1      | Reached XP level 1. HP: 19/19 MP: 1/1
    92 | D:2      | Reached XP level 2. HP: 20/27 MP: 2/2
   197 | D:2      | HP: 1/27 [giant newt (1)]
   225 | D:2      | Reached XP level 3. HP: 20/33 MP: 3/3
   298 | D:1      | Reached skill level 5 in Axes
   370 | D:4      | Noticed Eustachio
   387 | D:4      | Killed Eustachio
   387 | D:4      | Reached ** piety under Trog
   387 | D:4      | Reached skill level 6 in Axes
   387 | D:4      | Reached XP level 4. HP: 22/40 MP: 4/4
   387 | D:4      | Reached XP level 5. HP: 25/46 MP: 5/5
   427 | D:3      | Noticed a sky beast
   463 | D:3      | Killed a sky beast
   463 | D:3      | Reached skill level 7 in Axes
   463 | D:3      | Reached XP level 6. HP: 33/52 MP: 6/6
   469 | D:3      | Gained mutation: You can breathe flames. [mutagenic meat]
   470 | D:3      | Gained mutation: You are partially covered in thin metallic scales (AC +2). [mutagenic meat]
   478 | D:3      | Gained mutation: Your skin changes colour to match your surroundings (Stealth). [mutagenic meat]
   518 | D:5      | Entered Level 5 of the Dungeon
   526 | D:5      | Found a sand-covered staircase.
   547 | Ossuary  | Entered an ossuary
   627 | Ossuary  | Reached skill level 8 in Axes
   693 | Ossuary  | Reached skill level 9 in Axes
   693 | Ossuary  | Reached XP level 7. HP: 11/59 MP: 7/7
  1008 | D:6      | Got a steaming chain mail
  1021 | D:6      | Identified the cursed +1 chain mail "Xogaif" {rF+} (You found it on level 6 of the Dungeon)
  1076 | D:6      | Reached skill level 10 in Axes
  1349 | D:9      | Found a glowing golden altar of the Shining One.
  1508 | D:9      | Reached skill level 11 in Axes
  1508 | D:9      | Reached XP level 8. HP: 58/66 MP: 8/8
  1538 | D:9      | Found a staircase to the Orcish Mines.
  1577 | D:9      | Found a bloodstained altar of Trog.
  1589 | D:10     | Entered Level 10 of the Dungeon
  1651 | Orc:1    | Entered Level 1 of the Orcish Mines
  1667 | Orc:1    | Found a burning altar of Makhleb.
  1687 | Orc:1    | Reached skill level 12 in Axes
  1829 | Orc:1    | Reached skill level 13 in Axes
  1924 | Orc:1    | Found a flagged portal.
  1931 | Orc:1    | Found a roughly hewn altar of Beogh.
  1937 | Bailey   | Entered a bailey
  1959 | Bailey   | Noticed an orc knight
  1965 | Bailey   | Noticed an orc knight
  1967 | Bailey   | Reached skill level 10 in Fighting
  1967 | Bailey   | Reached skill level 16 in Axes
  1967 | Bailey   | Reached XP level 9. HP: 68/86 MP: 9/9
  1972 | Bailey   | Killed an orc knight
  1972 | Bailey   | Reached XP level 10. HP: 62/94 MP: 10/10
  1981 | Bailey   | Killed an orc knight
  1981 | Bailey   | Reached skill level 17 in Axes
  1981 | Bailey   | Reached *** piety under Trog
  2240 | Orc:2    | Found a roughly hewn altar of Beogh.
  2299 | Orc:2    | Noticed Snorg
  2309 | Orc:2    | Killed Snorg
  2330 | Orc:1    | Reached **** piety under Trog
  2534 | Orc:2    | Reached skill level 18 in Axes
  2584 | Orc:4    | Entered Level 4 of the Orcish Mines
  2588 | Orc:4    | Reached ***** piety under Trog
  2663 | Orc:4    | Reached XP level 11. HP: 65/101 MP: 11/11
  2962 | Orc:2    | Noticed Rupert
  2983 | Orc:2    | Killed Rupert
  2983 | Orc:2    | Reached skill level 19 in Axes
  3295 | Orc:4    | Noticed an orc sorcerer
  3303 | Orc:4    | Killed an orc sorcerer
  3358 | Orc:4    | Reached skill level 5 in Armour
  3428 | Orc:4    | Noticed an orc warlord
  3457 | Orc:4    | Killed an orc warlord
  3457 | Orc:4    | Reached skill level 20 in Axes
  3594 | Orc:4    | Noticed an orc high priest
  3641 | Orc:4    | Noticed an ice devil
  3642 | Orc:4    | Noticed an ice devil
  3678 | Orc:4    | Killed an orc high priest
  3678 | Orc:4    | Reached XP level 12. HP: 63/107 MP: 12/12
  3799 | Orc:4    | Noticed an orc high priest
  3829 | Orc:4    | Killed an orc high priest
  3837 | Orc:4    | Found Decela's Armour Shop.
  3860 | Orc:4    | Found a roughly hewn altar of Beogh.
  3885 | Orc:4    | Noticed an orc high priest
  3910 | Orc:4    | Killed an orc high priest
  3989 | Orc:4    | Noticed an orc high priest
  3990 | Orc:4    | Found Oratom's Weapon Emporium.
  4000 | Orc:4    | Killed an orc high priest
  4000 | Orc:4    | Received a gift from Trog
  4080 | Orc:4    | Noticed an orc knight
  4103 | Orc:4    | Killed an orc knight
  4165 | Orc:4    | Noticed an orc knight
  4177 | Orc:4    | Killed an orc knight
  4178 | Orc:4    | Found Vaebaj's Book Boutique.
  4204 | Orc:4    | Found Rylaney's Magic Scroll Shop.
  4209 | Orc:4    | Bought a scroll of identify for 32 gold pieces
  4245 | Orc:4    | Found a roughly hewn altar of Beogh.
  4338 | Orc:4    | Noticed an orc knight
  4338 | Orc:4    | Noticed an orc sorcerer
  4356 | Orc:4    | Killed an orc sorcerer
  4358 | Orc:4    | Killed an orc knight
  4358 | Orc:4    | Reached skill level 10 in Armour
  4496 | Orc:4    | Bought the +6 chain mail of Ylusy {Regen+ Dex+4 SInv} for 757 gold pieces
  4559 | Orc:3    | Found a roughly hewn altar of Beogh.
  4905 | D:11     | Noticed a four-headed hydra
  4929 | D:11     | Killed a 17-headed hydra
  4932 | D:11     | Received a gift from Trog
  4983 | D:10     | Reached XP level 13. HP: 86/114 MP: 4/13
  5067 | D:10     | Noticed a hill giant
  5075 | D:10     | Killed a hill giant
  5141 | D:10     | Found a staircase to the Lair.
  5141 | D:10     | Noticed a fire drake
  5159 | D:10     | Killed a fire drake
  5209 | D:10     | Noticed Josephine
  5218 | D:10     | Killed Josephine
  5242 | Lair:1   | Entered Level 1 of the Lair of Beasts
  5560 | Lair:4   | Noticed Urug
  5582 | Lair:4   | Killed Urug
  5582 | Lair:4   | Reached skill level 21 in Axes
  5610 | Lair:4   | Reached skill level 5 in Dodging
  5719 | Lair:4   | Found a staircase to the Shoals.
  5724 | Lair:4   | Found a dark tunnel.
  5745 | Volcano  | Entered a volcano
  6051 | Lair:5   | Reached skill level 22 in Axes
  6183 | Lair:7   | Reached XP level 14. HP: 72/122 MP: 4/14
  6312 | Lair:7   | Found a labyrinth entrance.
  6327 | Lab      | Entered a labyrinth
  6459 | Lab      | Got a scintillating bronze amulet
  6460 | Lab      | Got a twisted plate armour
  6472 | Lab      | Identified the +4 plate armour of the Sky {rElec Int+4 Dex-4 SInv} (You found it in a labyrinth)
  6606 | Lair:7   | Received a gift from Trog
  6613 | Lair:7   | Reached skill level 23 in Axes
  6663 | Lair:7   | Found a frozen archway.
  6937 | Lair:8   | Entered Level 8 of the Lair of Beasts
  7008 | Lair:8   | Noticed Nessos
  7014 | Lair:8   | Noticed Nessos
  7014 | Lair:8   | Nessos changed into Nessos the mana viper
  7021 | Lair:8   | Killed Nessos the mana viper
  7030 | Lair:8   | Reached skill level 24 in Axes
  7078 | Lair:8   | Identified the amulet "Onirgh" {Gourm rF+ rC+ rN+} (You found it in a labyrinth)
  7170 | Lair:8   | Received a gift from Trog
  7315 | Lair:8   | Noticed Kirke
  7316 | Lair:8   | Noticed Maud
  7331 | Lair:8   | Killed Maud
  7343 | Lair:8   | Killed Kirke
  7397 | Lair:8   | Found a viscous altar of Jiyva.
  7397 | Lair:8   | Found a staircase to the Slime Pits.
  7448 | Lair:8   | Found a runed door.
  7453 | Lair:8   | Reached XP level 15. HP: 116/128 MP: 15/15
  7558 | Lair:8   | Reached skill level 25 in Axes
  7810 | Lair:6   | Received a gift from Trog
  7871 | Lair:5   | Found a hole to the Spider Nest.
  7894 | Spider:1 | Entered Level 1 of the Spider Nest
  8120 | Spider:2 | Received a gift from Trog
  8472 | Spider:4 | Entered Level 4 of the Spider Nest
  8513 | Spider:4 | Reached skill level 26 in Axes
  8772 | Spider:4 | Reached ****** piety under Trog
  9158 | Spider:4 | Reached XP level 16. HP: 91/139 MP: 7/16
  9161 | Spider:4 | Received a gift from Trog
  9366 | Spider:4 | Got a gossamer rune of Zot
  9646 | Shoals:1 | Entered Level 1 of the Shoals
  9731 | Shoals:2 | Noticed Polyphemus
 10133 | Shoals:2 | Killed Polyphemus
 10274 | Shoals:2 | Found Siamapna's Food Shoppe.
 10401 | Shoals:3 | Found Dulenget's Gadget Shop.
 10624 | Shoals:3 | Noticed a kraken
 10652 | Shoals:4 | Entered Level 4 of the Shoals
 10676 | Shoals:4 | Received a gift from Trog
 10691 | Shoals:4 | Noticed Louise
 10706 | Shoals:4 | Noticed 4thArraOfDagon's ghost (journeyman DDFi)
 10728 | Shoals:4 | Killed Louise
 10729 | Shoals:4 | Killed 4thArraOfDagon's ghost
 10906 | Shoals:4 | Got an iridescent war axe
 11195 | Shoals:4 | Reached XP level 17. HP: 64/151 MP: 17/17
 11198 | Shoals:4 | Noticed Ilsuiw
 11205 | Shoals:4 | HP: 9/226 [siren/trident (4)]
 11208 | Shoals:4 | Hit by a javelin of penetration thrown by a merfolk javelineer

Vault maps used:
D:1:      tarquinn_simple_flora_water_d, hangedman_decor_growths
D:2:      lemuel_doored_altar, minmay_overflow_temple_star_quad
D:3:      grunt_temple_overflow_open, first_bread
D:4:      minmay_temple_entry_glass, minmay_bisected, uniq_eustachio,
          uniq_blork_the_orc
D:5:      minmay_goblin_kobold_castle, nicolae_ossuary_entry_false_entrances,
          uniq_duvessa, uniq_menkaure
D:6:      lemuel_upstairs_altar
D:8:      hangedman_little_slice_of_home
D:9:      minmay_goldmine, tso_altar, orc_0_dummy, basic_altar,
          minmay_unpleasant_kobolds
D:10:     minmay_lair_entry_lava, uniq_josephine
D:11:     hangedman_abyss_or_decor_stabs, grunt_ministairs_10
D:12:     statuecave_lemuel, minivault_16
Lair:2:   lemuel_reptile_caves
Lair:4:   minmay_shoals_entry_beasts, nicolae_volcano_entry_hallway,
          basic_altar, minivault_11, columned_hall_lemuel, uniq_urug
Lair:5:   spider_nest_entry_web_field, minivault_25, lemuel_fruit_tree,
          infiniplex_staircase_pool_2, serial_bayou_shore_b, grunt_megastairs_3,
          serial_bayou_shore_b
Lair:6:   minivault_24, minivault_24, serial_bayou_shore_b
Lair:7:   slaughterhouse, lab_entry_generic, portal_ice_cave_entry_imps,
          grunt_megastairs_4
Lair:8:   guppyfry_lair_end_dragon, wormcave, slime_altar_1,
          serial_bayou_shore_a, infiniplex_staircase_pool, uniq_maud,
          uniq_kirke, uniq_nessos
Shoals:2: serial_shops, shop, uniq_polyphemus
Shoals:3: serial_shops, shop_coins
Shoals:4: shoals_end_grunt_ice, shoals_ilsuiw_ice, uniq_louise
Spider:1: uniq_nikola
Spider:4: grunt_spider_rune_parallel
Orc:1:    enter_bailey_1, basic_altar, nicolae_orc_pool_cavern, bloody_makhleb
Orc:2:    basic_altar, uniq_snorg, uniq_rupert
Orc:3:    mines2_david
Orc:4:    pubby_orc_utopia, serial_shops
Lab:      labyrinth_hidden_loot, nicolae_lab_t_cross, nicolae_lab_grate,
          nicolae_lab_garden, labyrinth_lava_lair, nicolae_lab_arrow,
          labyrinth_skeletal_remains, nicolae_lab_x, nicolae_lab_statue
Ossuary:  ossuary_tomb_1
Bailey:   bailey_axe_1, bailey
Volcano:  volcano_pools

Action                   |  1- 3 |  4- 6 |  7- 9 | 10-12 | 13-15 | 16-18 || total
-------------------------+-------+-------+-------+-------+-------+-------++-------
Melee: Hand axe          |    69 |   112 |   181 |       |       |       ||   362
       Battleaxe         |       |       |    40 |   483 |   440 |       ||   963
       War axe           |       |       |    10 |   126 |       |       ||   136
       Executioner's axe |       |       |       |       |   600 |   423 ||  1023
Invok: Berserk           |     3 |     1 |     5 |    15 |     6 |     5 ||    35
       Trog's Hand       |       |     3 |     1 |    20 |    13 |    13 ||    50
       Brothers in Arms  |       |       |       |     3 |     1 |     3 ||     7
Evoke: Wand              |       |       |       |     3 |     7 |     5 ||    15
  Use: Potion            |     1 |     4 |     6 |     1 |     3 |     5 ||    20
       Scroll            |       |       |     3 |     6 |     9 |     7 ||    25
 Stab: Sleeping          |     1 |     1 |       |       |       |       ||     2
       Distracted        |       |       |       |       |       |     2 ||     2
  Eat: Chunk             |       |     7 |     9 |    27 |    15 |    11 ||    69
       Fruit             |       |       |     2 |     3 |       |       ||     5
       Meat ration       |       |       |       |       |     1 |     1 ||     2
       Pizza             |       |       |       |       |     2 |       ||     2
